[Event "Titled Tuesday Blitz April 26 Early 2022"]
[White "Martic, Ivan"]
[Black "Toncheva, Nadya"]
[WhiteFideId "929301"]
[BlackFideId "2924056"]
[WhiteElo "2317"]
[BlackElo "1884"]
[Result "1-0"]
[Round "10"]
[TimeControl "180+1"]
[Date "2022.04.26"]
[WhiteClock "0:00:21"]
[BlackClock "0:00:02"]

1. c4 Nf6 2. Nc3 g6 3. e4 d6 4. d4 Bg7 5. h3 O-O 6. Be3 e5 7. d5 a5 8. g4 h5 9. g5 Nfd7 10. Nf3 Na6 11. a3 Ndc5 12. b4 Nd7 13. Be2 b6 14. Rb1 axb4 15. axb4 Bb7 16. Nh4 Qe7 17. Rg1 Rfc8 18. Bxh5 gxh5 19. Nf5 Qe8 20. g6 fxg6 21. Rxg6 Qxg6 22. Ne7+ Kf7 23. Nxg6 Kxg6 24. Ke2 Rf8 25. Qg1+ Kh7 26. Qg5 Nf6 27. Rg1 Rf7 28. Qf5+ Kh8 29. Qg6 Raf8 30. Bh6 Bxh6 31. Qxh6+ Nh7 32. Rg2 Bc8 33. Qxh5 Nxb4 34. Nd1 Nc2 35. Kd2 Nd4 36. Kc1 Ba6 37. Ne3 Rxf2 38. Rxf2 Rxf2 39. Qh4 Rf7 40. Ng4 Bxc4 41. Qd8+ Kg7 42. h4 Ne2+ 43. Kd2 Ng3 44. Ke3 Bf1 45. Nf2 Bg2 46. Ng4 Nxe4 47. h5 Nef6 48. h6+ Kg6 49. Nf2 Nxd5+ 50. Ke2 Nf4+ 51. Kd1 Bd5 52. Qg8+ Kxh6 53. Ng4+ Kh5 54. Ne3 Bf3+ 55. Kc1 Rf6 56. Qxh7+ Kg5 57. Qg7+ Rg6 58. Qe7+ Kh5 59. Nf5 Nd3+ 60. Kd2 Rg5 61. Ng7+ Kh6 62. Qf6+ Rg6 63. Nf5+ Kh5 64. Qh4# 1-0


[Site "https://www.chess.com"]

[Event "Titled Tuesday Blitz April 26 Early 2022"]
[White "Martin, Lewis"]
[Black "Piliczewski, Bogusz"]
[WhiteFideId "410551"]
[BlackFideId "1104144"]
[WhiteElo "2145"]
[BlackElo "1896"]
[Result "1-0"]
[Round "10"]
[TimeControl "180+1"]
[Date "2022.04.26"]
[WhiteClock "0:00:36"]
[BlackClock "0:00:06"]

1. e4 c6 2. d4 d5 3. Nc3 dxe4 4. Nxe4 Bf5 5. Ng3 Bg6 6. Nf3 Nd7 7. h4 h6 8. h5 Bh7 9. Bd3 Bxd3 10. Qxd3 e6 11. Bd2 Ngf6 12. O-O-O Be7 13. c4 O-O 14. Ne4 b5 15. c5 Nxc5 16. Nxc5 Bxc5 17. Bxh6 Be7 18. Be3 Nd5 19. Ne5 Rc8 20. h6 f5 21. hxg7 Kxg7 22. Bh6+ Kf6 23. Bxf8 Bxf8 24. Rh7 Rc7 25. Rdh1 c5 26. Qg3 cxd4+ 27. Kb1 f4 28. Qh4+ Kxe5 29. Qxd8 Rxh7 30. Rxh7 Bd6 31. f3 Nb4 32. Qg5# 1-0


[Site "https://www.chess.com"]

[Event "Titled Tuesday Blitz April 26 Early 2022"]
[White "Matamoros Franco, Carlos S."]
[Black "Starozhilov, Leonid"]
[WhiteFideId "3600017"]
[BlackFideId "14106752"]
[WhiteElo "2554"]
[BlackElo "2414"]
[Result "1/2-1/2"]
[Round "10"]
[TimeControl "180+1"]
[Date "2022.04.26"]
[WhiteClock "0:00:23"]
[BlackClock "0:00:19"]

1. c4 Nf6 2. g3 g6 3. Bg2 Bg7 4. Nc3 O-O 5. d4 d6 6. Nf3 c6 7. O-O Bf5 8. Ne1 Qc8 9. e4 Bh3 10. Nd3 Bxg2 11. Kxg2 Na6 12. f3 Rb8 13. a4 Nc7 14. Be3 Nd7 15. Qd2 Re8 16. Rfc1 Ne6 17. Ne2 c5 18. d5 Nd4 19. Nxd4 cxd4 20. Bh6 Nc5 21. Bxg7 Kxg7 22. Qd1 e5 23. dxe6 fxe6 24. b4 Nxd3 25. Qxd3 e5 26. c5 Qd7 27. Ra2 d5 28. exd5 Qxd5 29. Re2 Re6 30. Rce1 Rbe8 31. Re4 a5 32. bxa5 Qxc5 33. f4 Qxa5 34. fxe5 Qxa4 35. Qxd4 Qxd4 36. Rxd4 Rxe5 37. Rxe5 Rxe5 38. Rd7+ Kh6 39. Rxb7 Ra5 1/2-1/2


[Site "https://www.chess.com"]

[Event "Titled Tuesday Blitz April 26 Early 2022"]
[White "Menna Barreto, Felipe Kubiaki"]
[Black "Polster, Christian"]
[WhiteFideId "2119757"]
[BlackFideId "12965081"]
[WhiteElo "2261"]
[BlackElo "2279"]
[Result "1-0"]
[Round "10"]
[TimeControl "180+1"]
[Date "2022.04.26"]
[WhiteClock "0:00:15"]
[BlackClock "0:00:02"]

1. c4 e6 2. Nf3 d5 3. e3 Nf6 4. b3 c5 5. cxd5 Nxd5 6. d4 Nc6 7. Be2 cxd4 8. Nxd4 Bb4+ 9. Kf1 Nc3 10. Nxc6 Qxd1+ 11. Bxd1 bxc6 12. Nxc3 Bxc3 13. Rb1 Ba6+ 14. Be2 Rd8 15. Ba3 Bxe2+ 16. Kxe2 Rd2+ 17. Kf3 Rxa2 18. Bc5 Bf6 19. Rhd1 Be7 20. Rbc1 Ra6 21. Bd6 Rb6 22. Rc3 f6 23. Rcd3 Rb7 24. Rc3 Rb6 25. Bc7 Rb7 26. Rxc6 Kf7 27. Rd3 Rc8 28. Rdc3 Ke8 29. Ba5 Rxc6 30. Rxc6 Rxb3 31. Rxe6 Rb7 32. Ra6 Kd7 33. Bc3 Bc5 34. Ke4 Bb6 35. Bd4 Kc6 36. f4 Kb5 37. Ra1 a5 38. Rb1+ Ka6 39. Ra1 Kb5 40. g4 a4 41. h4 Bxd4 42. Kxd4 Rc7 43. e4 Kb4 44. e5 fxe5+ 45. fxe5 a3 46. Kd5 Kb3 47. Kd6 Rc2 48. e6 Rd2+ 49. Ke7 a2 50. Kf7 Re2 51. e7 Kb2 52. Rxa2+ Kxa2 53. e8=Q Rxe8 54. Kxe8 1-0


[Site "https://www.chess.com"]

[Event "Titled Tuesday Blitz April 26 Early 2022"]
[White "Mikhnenko, Alexander"]
[Black "Iljin, Timofey"]
[WhiteFideId "34143014"]
[BlackFideId "14110180"]
[WhiteElo "2117"]
[BlackElo "2396"]
[Result "0-1"]
[Round "10"]
[TimeControl "180+1"]
[Date "2022.04.26"]
[WhiteClock "0:00:14"]
[BlackClock "0:00:22"]

1. e4 d5 2. exd5 Nf6 3. d4 Bg4 4. f3 Bf5 5. g4 Bg6 6. c4 e6 7. dxe6 Nc6 8. Be3 Bb4+ 9. Nc3 fxe6 10. Bd3 Bxd3 11. Qxd3 Ne5 12. Qe2 Nf7 13. Nh3 O-O 14. O-O Bxc3 15. bxc3 Qd6 16. Rab1 Qc6 17. Nf2 Rae8 18. g5 Nd7 19. Ne4 b6 20. Kh1 Nd6 21. Nxd6 cxd6 22. Rbd1 d5 23. cxd5 exd5 24. Qd2 Rc8 25. Rc1 b5 26. Bf4 Nb6 27. Bg3 Nc4 28. Qg2 Ne3 29. Qf2 Nxf1 30. Qxf1 b4 31. Be5 bxc3 32. f4 c2 33. f5 Qe6 34. f6 Qg4 35. Qd3 Qxg5 36. Rxc2 gxf6 37. Rg2 Rc1+ 0-1


[Site "https://www.chess.com"]

[Event "Titled Tuesday Blitz April 26 Early 2022"]
[White "Minko, Dmitry"]
[Black "Ljukin, Sergei"]
[WhiteFideId "24188468"]
[BlackFideId "14102200"]
[WhiteElo "1928"]
[BlackElo "2312"]
[Result "0-1"]
[Round "10"]
[TimeControl "180+1"]
[Date "2022.04.26"]
[WhiteClock "0:00:01"]
[BlackClock "0:00:12"]

1. e4 e6 2. d4 d5 3. Nc3 Bb4 4. e5 Ne7 5. a3 Bxc3+ 6. bxc3 c5 7. h4 Bd7 8. h5 h6 9. Nf3 Ba4 10. Bd3 c4 11. Bf1 Nbc6 12. g3 Qa5 13. Bd2 O-O-O 14. Bh3 Kb8 15. O-O Ka8 16. Nh4 Rdg8 17. Kh2 Nd8 18. Ra2 Qc7 19. Qf3 Bd7 20. a4 Rf8 21. Qe2 f6 22. exf6 gxf6 23. Bf4 Qc6 24. Re1 Re8 25. Qd2 Nf7 26. Ng6 Nxg6 27. hxg6 Ng5 28. Bg2 Reg8 29. a5 Rxg6 30. Rb1 h5 31. Kg1 h4 32. Rab2 Bc8 33. Rb5 hxg3 34. fxg3 Ne4 35. Bxe4 dxe4 36. d5 exd5 37. Qxd5 Qxd5 38. Rxd5 Bg4 39. Rd4 Bf3 40. Rb4 Rg7 41. Rbxc4 Re7 42. a6 e3 43. Kf1 Rh1# 0-1


[Site "https://www.chess.com"]

[Event "Titled Tuesday Blitz April 26 Early 2022"]
[White "Miszler, Levente"]
[Black "Sovetbekova, Nurai"]
[WhiteFideId "763276"]
[BlackFideId "13801910"]
[WhiteElo "1966"]
[BlackElo "1538"]
[Result "0-1"]
[Round "10"]
[TimeControl "180+1"]
[Date "2022.04.26"]
[WhiteClock "0:00:32"]
[BlackClock "0:00:06"]

1. Nf3 Nf6 2. c4 g6 3. g3 Bg7 4. Bg2 O-O 5. O-O d5 6. b3 Ne4 7. d4 c5 8. Bb2 dxc4 9. bxc4 Nc6 10. Ne5 Nxe5 11. dxe5 Qb6 12. Qb3 Qxb3 13. axb3 Ng5 14. Nd2 Rd8 15. Rfd1 Ne6 16. e3 Nf8 17. Nf3 Bf5 18. Rxd8 Rxd8 19. Nh4 Bc2 20. Bxb7 Bxb3 21. Ba6 Rd2 22. Rb1 Ba2 23. Bc3 Bxb1 24. Bxd2 Bxe5 25. Nf3 Bd6 26. Kf1 Bd3+ 27. Ke1 Nd7 28. Ba5 e5 29. Kd2 e4 30. Ne1 Bf1 31. Kc3 Ne5 32. Bc8 Bxc4 33. Nc2 Bd3 34. Na3 Nc6 35. Nc4 Bxc4 36. Kxc4 Nxa5+ 37. Kb5 Nb3 38. Kc6 Bf8 39. Ba6 Na5+ 40. Kb5 Nb3 41. Kc4 Nd2+ 42. Kd5 c4 43. Kd4 Bg7+ 44. Kc5 c3 0-1


[Site "https://www.chess.com"]

[Event "Titled Tuesday Blitz April 26 Early 2022"]
[White "Mohammadian, Mohammad"]
[Black "volunteers1998"]
[WhiteFideId "12566055"]
[WhiteElo "1544"]
[BlackElo "2285"]
[Result "0-1"]
[Round "10"]
[TimeControl "180+1"]
[Date "2022.04.26"]
[WhiteClock "0:00:26"]
[BlackClock "0:01:45"]

1. e4 c5 2. Nf3 Nc6 3. d4 cxd4 4. Nxd4 Nf6 5. Nc3 e5 6. Nxc6 bxc6 7. Be2 Bb4 8. f3 O-O 9. Bd2 d5 10. exd5 cxd5 11. O-O Be6 12. Nxd5 Nxd5 13. Bc4 Bxd2 14. Qxd2 Qb6+ 15. Kh1 Rfd8 16. Qg5 Ne3 17. Bxe6 Nxf1 18. Bxf7+ Kxf7 19. Rxf1 Qxb2 20. f4 Kg8 21. fxe5 Qxc2 22. e6 Rd1 23. Kg1 Rxf1+ 24. Kxf1 Rf8+ 25. Ke1 Qe4+ 26. Kd2 Qxe6 27. Qe3 Qxe3+ 28. Kxe3 Rb8 29. a4 Rb4 30. a5 Ra4 31. g4 Rxa5 0-1


[Site "https://www.chess.com"]

[Event "Titled Tuesday Blitz April 26 Early 2022"]
[White "Moroni, Luca Jr"]
[Black "Silvestre, Christian"]
[WhiteFideId "865834"]
[BlackFideId "30956269"]
[WhiteElo "2573"]
[BlackElo "2373"]
[Result "1-0"]
[Round "10"]
[TimeControl "180+1"]
[Date "2022.04.26"]
[WhiteClock "0:01:26"]
[BlackClock "0:00:44"]

1. d4 Nf6 2. c4 d6 3. Nc3 g6 4. e4 Bg7 5. Bd3 O-O 6. Nge2 c5 7. d5 e6 8. Bg5 h6 9. Bh4 exd5 10. exd5 Qb6 11. O-O a6 12. a3 Qxb2 13. Na4 Qe5 14. Nb6 Ra7 15. Re1 Qe7 16. Rb1 Qc7 17. Nc3 Nbd7 18. Nca4 Nxb6 19. Nxb6 a5 20. Qb3 a4 21. Qb5 Bd7 22. Re7 Bxb5 23. Rxc7 Be8 24. Nc8 Ra6 25. Rbxb7 Bd7 26. Ne7+ Kh7 27. Bxf6 Bxf6 28. Rxd7 1-0


[Site "https://www.chess.com"]

[Event "Titled Tuesday Blitz April 26 Early 2022"]
[White "Murthy, Pappu"]
[Black "Torres Hernandez, Leslie Carolin"]
[WhiteFideId "2013401"]
[BlackFideId "8400504"]
[WhiteElo "1973"]
[BlackElo "1920"]
[Result "0-1"]
[Round "10"]
[TimeControl "180+1"]
[Date "2022.04.26"]
[WhiteClock "0:00:15"]
[BlackClock "0:00:10"]

1. c4 Nf6 2. Nc3 g6 3. e4 d6 4. d4 Bg7 5. Nge2 e5 6. d5 c6 7. Ng3 cxd5 8. cxd5 a6 9. Be2 b5 10. b3 Nbd7 11. h4 h5 12. Bg5 Qa5 13. Bd2 Qb6 14. Be3 Qb7 15. Rc1 b4 16. Na4 O-O 17. Rc6 Ne8 18. Bxh5 gxh5 19. Nxh5 Kh7 20. Qf3 Ndf6 21. Nxg7 Kxg7 22. Nb6 Bd7 23. Nxd7 Qxd7 24. h5 Qg4 25. h6+ Kh7 26. Rh3 Qxf3 27. Rxf3 a5 28. Bg5 Nxe4 29. Be7 Rg8 30. Rxf7+ Kxh6 31. g3 Rg7 32. Bf8 Kg6 33. Rxg7+ Nxg7 34. Bxd6 Nxd6 35. Rxd6+ Kf5 36. Rd7 Ne8 37. Kd2 Ke4 38. g4 a4 39. g5 axb3 40. axb3 Ra2+ 41. Ke1 Kf3 42. g6 Re2+ 43. Kd1 Rxf2 44. g7 Rg2 45. Rf7+ Ke4 46. Re7 Nxg7 47. d6 Ke3 48. d7 Rd2+ 49. Kc1 Rd5 50. Rxg7 Kd3 51. Kb2 e4 52. Re7 e3 53. Re8 Rxd7 54. Re5 e2 55. Kb1 Rd4 56. Kb2 e1=Q 57. Rxe1 Kd2 58. Rh1 Rd3 59. Rh2+ Ke3 60. Rh3+ Kd2 61. Rh2+ Kd1 62. Rh1+ Ke2 63. Rh2+ Kf3 64. Rh3+ Ke4 65. Rh4+ Kd5 66. Rh5+ Kc6 67. Rh2 Kc5 68. Rh5+ Rd5 69. Rh4 Rd4 70. Rh2 Kb5 71. Rc2 Rd3 72. Kb1 Rc3 73. Rb2 Kc5 74. Ka2 Kd4 75. Rh2 Kd3 76. Rh3+ Kc2 77. Rh2+ Kd1 78. Rg2 Rc2+ 79. Rxc2 Kxc2 80. Ka1 Kxb3 81. Kb1 Kc3 82. Kc1 b3 83. Kb1 b2 84. Ka2 Kc2 85. Ka3 b1=Q 86. Ka4 Qb6 0-1


[Site "https://www.chess.com"]

[Event "Titled Tuesday Blitz April 26 Early 2022"]
[White "Myshakov, Fyodor"]
[Black "Sarkar, Justin"]
[WhiteFideId "14111284"]
[BlackFideId "2010011"]
[WhiteElo "2310"]
[BlackElo "2038"]
[Result "1-0"]
[Round "10"]
[TimeControl "180+1"]
[Date "2022.04.26"]
[WhiteClock "0:01:47"]
[BlackClock "0:00:01"]

1. c4 d6 2. Nc3 g6 3. Nf3 Bg7 4. g3 c5 5. Qc2 Nc6 6. Bg2 Nh6 7. O-O Nf5 8. e3 O-O 9. a3 Bd7 10. b3 a6 11. Bb2 Rb8 12. Rab1 b5 13. cxb5 axb5 14. Nd5 e6 15. Bxg7 Nxg7 16. Nf4 b4 17. a4 Qe7 18. d4 cxd4 19. Nxd4 Nxd4 20. exd4 Rfc8 21. Qd2 d5 22. Rfe1 Qd6 23. h4 Nf5 24. Bh3 Ne7 25. Rec1 Nc6 26. h5 Na5 27. h6 Qf8 28. Nd3 Rxc1+ 29. Qxc1 Rc8 30. Qf4 Rc3 31. Ne5 Be8 32. Ng4 f5 33. Ne5 Nxb3 34. Bf1 Na5 35. Bb5 Bxb5 36. axb5 b3 37. b6 Rc2 38. b7 b2 39. Nd7 1-0


[Site "https://www.chess.com"]

[Event "Titled Tuesday Blitz April 26 Early 2022"]
[White "Narayanan, Srinath"]
[Black "Kozak, Antoni"]
[WhiteFideId "5018420"]
[BlackFideId "21832030"]
[WhiteElo "2472"]
[BlackElo "2236"]
[Result "1-0"]
[Round "10"]
[TimeControl "180+1"]
[Date "2022.04.26"]
[WhiteClock "0:00:38"]
[BlackClock "0:00:14"]

1. e4 c6 2. d4 d5 3. exd5 cxd5 4. Bd3 Nc6 5. c3 Qc7 6. Nf3 Bg4 7. Nbd2 e6 8. Nf1 Bh5 9. Ng3 Bg6 10. Be2 Bd6 11. Bg5 Nf6 12. Nh4 Bf4 13. Nxg6 hxg6 14. Bxf4 Qxf4 15. Qd2 Qxd2+ 16. Kxd2 g5 17. h3 Ke7 18. Bd3 Kd6 19. Rae1 a6 20. b4 Rac8 21. a4 Rc7 22. Ra1 a5 23. b5 Nb8 24. Rhc1 Nbd7 25. Nf1 Nb6 26. Ne3 Rhc8 27. Ra3 Nh5 28. g3 Nf6 29. Ng2 Ne4+ 30. Ke3 Rxc3 31. Rcxc3 Rxc3 32. Ra2 Kd7 33. Ke2 Nd6 34. Ne3 Rc1 35. Nf1 g6 36. Nd2 Rc3 37. Nf3 f6 38. Bxg6 Rc4 39. Bc2 Ne4 40. Bxe4 dxe4 41. Nd2 Rxd4 42. Nb3 Rxa4 43. Nc5+ Kd6 44. Nxa4 Nd5 45. Rc2 Ke5 46. Nc5 f5 47. Nxb7 a4 48. Na5 a3 49. Nc4+ Kd4 50. Nxa3 f4 51. Rc4+ Ke5 52. h4 f3+ 53. Ke1 gxh4 54. gxh4 Nf4 55. b6 1-0


[Site "https://www.chess.com"]

[Event "Titled Tuesday Blitz April 26 Early 2022"]
[White "Noboa Silva, Kevin"]
[Black "Salimova, Nurgyul"]
[WhiteFideId "3618471"]
[BlackFideId "2915138"]
[WhiteElo "2172"]
[BlackElo "2185"]
[Result "0-1"]
[Round "10"]
[TimeControl "180+1"]
[Date "2022.04.26"]
[WhiteClock "0:00:03"]
[BlackClock "0:00:12"]

1. d4 Nf6 2. c4 e6 3. Nc3 Bb4 4. e3 O-O 5. Bd3 d5 6. a3 Bxc3+ 7. bxc3 dxc4 8. Bxc4 c5 9. Nf3 Qc7 10. Be2 b6 11. O-O Bb7 12. Ne5 Nbd7 13. f4 Rfd8 14. Bf3 Rac8 15. Bd2 Ne4 16. Be1 f6 17. Ng4 Nf8 18. Qb1 Nd6 19. e4 cxd4 20. cxd4 Qc4 21. Bf2 Bxe4 22. Bxe4 Nxe4 23. Qxe4 f5 24. Qf3 fxg4 25. Qxg4 Qd3 26. Rfe1 Qg6 27. Qh3 Rc2 28. Rad1 Rd5 29. Re5 Rd8 30. Qg3 Qxg3 31. Bxg3 g6 32. d5 Rc3 33. a4 exd5 34. Rexd5 Rxd5 35. Rxd5 Ra3 36. f5 gxf5 37. Rxf5 Rxa4 38. Be5 Ng6 39. Bc3 Rc4 40. Rf3 a5 41. g3 a4 42. h4 a3 43. h5 a2 44. Bf6 Rc6 45. Bd4 Rd6 46. Bc3 Rc6 47. Bd4 Rc1+ 48. Kg2 Ne7 49. Ra3 Rc2+ 50. Kf3 Nc6 51. Bf6 Kf7 52. Bh8 b5 53. Ra8 b4 54. g4 b3 55. g5 Rc1 56. g6+ hxg6 57. h6 Rf1+ 58. Kg2 Rd1 59. h7 Ne7 60. Bc3 b2 61. h8=Q b1=Q 62. Qg7+ Ke6 63. Ra6+ Kd5 64. Qe5+ Kc4 65. Ra4+ Kb3 66. Rb4+ Kc2 67. Qe4+ Kxc3 68. Qc4+ Kd2 69. Qd4+ Qd3 70. Rb2+ Kc1 71. Qxd3 Rxd3 72. Rxa2 Rd2+ 73. Rxd2 Kxd2 74. Kf3 Kd3 75. Kf4 Kd4 76. Kg5 Ke5 77. Kg4 Kf6 0-1


[Site "https://www.chess.com"]

[Event "Titled Tuesday Blitz April 26 Early 2022"]
[White "Nurmanova, Alua"]
[Black "Belozerov, Andrei"]
[WhiteFideId "13729390"]
[BlackFideId "4120213"]
[WhiteElo "1905"]
[BlackElo "2320"]
[Result "1-0"]
[Round "10"]
[TimeControl "180+1"]
[Date "2022.04.26"]
[WhiteClock "0:00:06"]
[BlackClock "0:00:01"]

1. e4 c5 2. Nf3 d6 3. d4 cxd4 4. Nxd4 Nf6 5. Nc3 a6 6. Bg5 e6 7. Qd2 Be7 8. f3 h6 9. Be3 b5 10. a4 b4 11. Na2 a5 12. Nb5 O-O 13. Be2 Nc6 14. O-O d5 15. Bd3 Bb7 16. Rad1 dxe4 17. fxe4 Ne5 18. Qe2 Nfg4 19. Bd4 Qb8 20. h3 Nxd3 21. Qxg4 Ne5 22. Qh5 Ng6 23. Qg4 Bc6 24. c4 bxc3 25. Naxc3 Qb7 26. Bf2 Rad8 27. h4 Ne5 28. Qg3 Bf6 29. Bd4 Qb8 30. Rxf6 Ng6 31. Qxb8 Rxb8 32. Rff1 Rfd8 33. h5 Nh4 34. Bf2 g5 35. Bxh4 gxh4 36. Kh2 Kh7 37. Kh3 Rg8 38. Rxf7+ Kh8 39. Rf2 Rg3+ 40. Kh2 Rbg8 41. Rd6 h3 42. gxh3 Be8 43. Rxe6 Kh7 44. Re7+ Kh8 45. Nd6 Bxh5 46. Nf7+ Kh7 47. Ng5+ Kh8 48. Rh7# 1-0


[Site "https://www.chess.com"]

[Event "Titled Tuesday Blitz April 26 Early 2022"]
[White "Odegov, Artem"]
[Black "Cramling Bellon, Anna"]
[WhiteFideId "34183644"]
[BlackFideId "32009232"]
[WhiteElo "2286"]
[BlackElo "1905"]
[Result "1-0"]
[Round "10"]
[TimeControl "180+1"]
[Date "2022.04.26"]
[WhiteClock "0:00:09"]
[BlackClock "0:00:01"]

1. d4 Nf6 2. c4 e6 3. Nf3 d5 4. Nc3 Bb4 5. Bg5 h6 6. Bxf6 Qxf6 7. Qa4+ Nc6 8. e3 Bxc3+ 9. bxc3 O-O 10. Be2 a6 11. O-O Bd7 12. cxd5 exd5 13. Qb3 Qd6 14. Rab1 b5 15. Rfe1 Na5 16. Qb4 Qxb4 17. cxb4 Nc4 18. Bxc4 bxc4 19. Ne5 Bf5 20. Rbc1 Rfb8 21. a3 f6 22. Nc6 Rb6 23. Na5 Kf7 24. f3 Re8 25. Kf2 c6 26. e4 Bg6 27. Rc3 f5 28. e5 Ke6 29. f4 Bf7 30. Rg3 Rg8 31. h4 Kd7 32. h5 Bxh5 33. e6+ Ke7 34. Re5 Kf6 35. e7 Be8 36. Rge3 g5 37. g3 gxf4 38. gxf4 Kf7 39. Re6 h5 40. Rh6 Bd7 41. Rxh5 c5 42. e8=Q+ Bxe8 43. Rh7+ Kf8 44. Rhe7 Bh5 45. Ra7 Rbg6 46. Ra8+ Kg7 47. Rxg8+ Kxg8 48. bxc5 Rg7 49. c6 Rc7 50. Re5 Bg6 51. Rxd5 Kf7 52. Rc5 Ke6 53. Rxc4 Kd5 54. Ke3 Re7+ 55. Kd3 Rc7 56. Rc5+ Ke6 57. Nb7 1-0


[Site "https://www.chess.com"]

[Event "Titled Tuesday Blitz April 26 Early 2022"]
[White "Omariev, Maksim"]
[Black "Prohorov, Olexandr"]
[WhiteFideId "4193423"]
[BlackFideId "14105578"]
[WhiteElo "2485"]
[BlackElo "1993"]
[Result "1-0"]
[Round "10"]
[TimeControl "180+1"]
[Date "2022.04.26"]
[WhiteClock "0:00:06"]
[BlackClock "0:00:01"]

1. g4 c6 2. Bg2 d5 3. h3 h5 4. g5 e5 5. d4 e4 6. c4 f5 7. Nc3 dxc4 8. h4 Bd6 9. Nh3 Ne7 10. Nf4 g6 11. Be3 O-O 12. Qd2 b5 13. f3 b4 14. Na4 Qa5 15. Nc5 Na6 16. Nce6 Bxe6 17. Nxe6 Rf7 18. fxe4 c3 19. Qc2 fxe4 20. Bxe4 Nf5 21. Bf2 Re8 22. Qb3 cxb2 23. Rb1 Qb5 24. Bd3 Qb8 25. Bxa6 Bg3 26. Bxg3 Nxg3 27. Rg1 Qd6 28. Bc4 Kh7 29. Qxg3 1-0


[Site "https://www.chess.com"]

[Event "Titled Tuesday Blitz April 26 Early 2022"]
[White "Omelja, Artem"]
[Black "Rozman, Levy"]
[WhiteFideId "14119846"]
[BlackFideId "2039877"]
[WhiteElo "2382"]
[BlackElo "2376"]
[Result "1-0"]
[Round "10"]
[TimeControl "180+1"]
[Date "2022.04.26"]
[WhiteClock "0:00:04"]
[BlackClock "0:00:11"]

1. d4 Nf6 2. c4 e6 3. Nf3 Bb4+ 4. Bd2 Qe7 5. a3 Bxd2+ 6. Qxd2 b6 7. Nc3 Bb7 8. Qc2 d6 9. g3 O-O 10. Bg2 e5 11. d5 a5 12. O-O Nh5 13. Nh4 g6 14. e4 Nd7 15. b4 Ng7 16. Rae1 axb4 17. axb4 f5 18. f4 exf4 19. exf5 Qf6 20. fxg6 Qd4+ 21. Kh1 hxg6 22. Nb5 Qf6 23. Rxf4 Qg5 24. Rxf8+ Nxf8 25. Nxc7 Ra3 26. Ne6 Qf6 27. Nxf8 Qxf8 28. Qxg6 Bc8 29. Be4 Qf2 30. Qh7+ Kf8 31. Qh8+ Kf7 32. Bg6+ Kf6 33. Qf8+ Kg5 34. Qxf2 1-0


[Site "https://www.chess.com"]

[Event "Titled Tuesday Blitz April 26 Early 2022"]
[White "Onslow, Alfie"]
[Black "Jaracz, Pawel"]
[WhiteFideId "436976"]
[BlackFideId "1102222"]
[WhiteElo "1884"]
[BlackElo "2429"]
[Result "0-1"]
[Round "10"]
[TimeControl "180+1"]
[Date "2022.04.26"]
[WhiteClock "0:00:06"]
[BlackClock "0:01:20"]

1. e4 g6 2. h4 h5 3. Nf3 d6 4. d4 Bg4 5. Be2 e6 6. Nc3 Bg7 7. Bg5 Ne7 8. e5 Nbc6 9. O-O Bxf3 10. Bxf3 dxe5 11. dxe5 Qxd1 12. Raxd1 Bxe5 13. Ne4 Nd4 14. Nf6+ Bxf6 15. Bxf6 Nxf3+ 16. gxf3 Rg8 17. Rd3 Nd5 18. Be5 b5 19. b3 b4 20. a3 a5 21. Ra1 Ke7 22. Rd4 c5 23. Rc4 f6 24. Bg3 Rgc8 25. axb4 cxb4 26. Rxc8 Rxc8 27. Rxa5 Rxc2 28. Ra7+ Ke8 29. Bd6 Rc3 30. Kg2 Rxb3 31. Rb7 Rb1 32. f4 b3 33. Kf3 Kd8 34. Bc5 Kc8 35. Rg7 Rc1 36. Bd4 Rc4 37. Bb2 Rxf4+ 38. Kg3 Rg4+ 39. Kf3 e5 40. Rg8+ Kd7 41. Rg7+ Ke6 42. Rb7 Rxh4 43. Kg3 Rb4 44. Ra7 Nb6 45. Ra6 Kf5 46. Ba3 Rb5 47. Bb2 Nc4 48. Ra4 Nxb2 49. f3 Nd3 50. Kh4 Rb4+ 51. Rxb4 Nxb4 52. f4 b2 53. fxe5 fxe5 54. Kh3 b1=Q 55. Kh2 Qc2+ 56. Kh3 Nd3 57. Kg3 Qf2+ 58. Kh3 Nf4# 0-1


[Site "https://www.chess.com"]

[Event "Titled Tuesday Blitz April 26 Early 2022"]
[White "Oparin, Grigoriy"]
[Black "Vlassov, Nikolai"]
[WhiteFideId "24125890"]
[BlackFideId "4103360"]
[WhiteElo "2665"]
[BlackElo "2407"]
[Result "1-0"]
[Round "10"]
[TimeControl "180+1"]
[Date "2022.04.26"]
[WhiteClock "0:00:59"]
[BlackClock "0:00:07"]

1. g3 h5 2. Nf3 h4 3. Nxh4 Rxh4 4. gxh4 e5 5. d4 Qxh4 6. c3 Nc6 7. Bg2 Nf6 8. Qd3 exd4 9. Bxc6 dxc6 10. cxd4 Be6 11. Nc3 O-O-O 12. Be3 c5 13. O-O-O c4 14. Qc2 Qh5 15. Rhg1 a6 16. d5 Bf5 17. Qa4 Ng4 18. Qxc4 Nxe3 19. fxe3 Qxh2 20. e4 Bg6 21. Kb1 Bd6 22. Ka1 Be5 23. a3 Rh8 24. Rg5 Bf6 25. d6 c6 26. Rc5 Rd8 27. Rxc6+ bxc6 28. Qxc6+ Kb8 29. Qb6+ Kc8 30. Qc7# 1-0


[Site "https://www.chess.com"]

[Event "Titled Tuesday Blitz April 26 Early 2022"]
[White "Ovezdurdyyeva, Jemal"]
[Black "De Souza, Cristiano Gomes"]
[WhiteFideId "14001888"]
[BlackFideId "2151758"]
[WhiteElo "1946"]
[BlackElo "2068"]
[Result "1-0"]
[Round "10"]
[TimeControl "180+1"]
[Date "2022.04.26"]
[WhiteClock "0:01:45"]
[BlackClock "0:02:19"]

1. e4 c5 2. Nf3 d6 3. d4 cxd4 4. Nxd4 Nf6 5. Nc3 a6 6. Bc4 e6 7. O-O Be7 8. Kh1 O-O 9. f4 b5 10. Bd3 Bb7 11. Be3 Nc6 12. a3 Nxd4 13. Bxd4 Qc7 14. e5 Nd5 15. Qh5 g6 16. Qh6 Nxc3 17. exd6 1-0


[Site "https://www.chess.com"]

[Event "Titled Tuesday Blitz April 26 Early 2022"]
[White "Padmini, Rout"]
[Black "Andrews, Todd"]
[WhiteFideId "5029295"]
[BlackFideId "2012456"]
[WhiteElo "2181"]
[BlackElo "2360"]
[Result "0-1"]
[Round "10"]
[TimeControl "180+1"]
[Date "2022.04.26"]
[WhiteClock "0:01:11"]
[BlackClock "0:00:15"]

1. e4 c5 2. Nf3 d6 3. d4 cxd4 4. Nxd4 Nf6 5. Nc3 a6 6. Bg5 e6 7. f4 Nbd7 8. Qf3 Qc7 9. O-O-O b5 10. Bd3 Bb7 11. Rhe1 Qb6 12. Nd5 Qxd4 13. Bxf6 gxf6 14. Bxb5 Qc5 15. Nxf6+ Ke7 16. Nxd7 Qxb5 17. Nxf8 Rhxf8 18. Qd3 Qxd3 19. cxd3 Rfc8+ 20. Kd2 Rab8 21. Rc1 a5 22. Rxc8 Rxc8 23. Re3 Rg8 24. g3 h5 25. Re1 Rc8 26. b3 d5 27. e5 d4 28. Rb1 Rc3 29. Rf1 f6 30. f5 fxe5 31. fxe6 Kxe6 32. Rf8 Ba6 33. Rh8 Rxd3+ 34. Kc2 Rc3+ 35. Kb2 Rf3 36. Rxh5 Rf2+ 37. Ka3 d3 38. Rh6+ Rf6 39. Rh8 Bb7 40. Re8+ Kd7 41. Rb8 d2 42. Rxb7+ Kc6 43. Ra7 d1=Q 44. Ra6+ Kb5 45. Rxf6 Qc1# 0-1


[Site "https://www.chess.com"]

[Event "Titled Tuesday Blitz April 26 Early 2022"]
[White "Papasimakopoulos, Alexandros"]
[Black "Terry, Renato"]
[WhiteFideId "4244125"]
[BlackFideId "3803457"]
[WhiteElo "2340"]
[BlackElo "2577"]
[Result "1-0"]
[Round "10"]
[TimeControl "180+1"]
[Date "2022.04.26"]
[WhiteClock "0:00:40"]
[BlackClock "0:00:23"]

1. d4 e6 2. c4 Bb4+ 3. Bd2 c5 4. Nf3 Nf6 5. g3 Qb6 6. dxc5 Bxc5 7. e3 Qxb2 8. Nc3 Qb6 9. Na4 Qc7 10. Nxc5 Qxc5 11. Be2 b6 12. O-O Bb7 13. Qb3 Nc6 14. Bc1 O-O 15. Ba3 Qa5 16. Bxf8 Rxf8 17. Rfd1 Rc8 18. a4 Qc5 19. Qb5 Qe7 20. Rab1 Rc7 21. Nd4 Na5 22. Bf3 Bxf3 23. Nxf3 Nxc4 24. Nd2 Nxd2 25. Rxd2 h5 26. a5 Rc5 27. Qb4 bxa5 28. Qb8+ Kh7 29. Qxa7 Rf5 30. Qd4 Qa3 31. Ra1 Qb3 32. Rb2 Qd5 33. Qxd5 Nxd5 34. e4 Re5 35. exd5 Rxd5 36. Rba2 Rf5 37. Rxa5 d5 38. Kg2 g5 39. R1a4 g4 40. Rf4 Rxf4 41. gxf4 Kg6 42. Kg3 Kf5 43. f3 1-0


[Site "https://www.chess.com"]